 Dungeon Crawl Stone Soup version 0.29.1-15-g9cfb28693d (webtiles) character file.

Game seed: 1622160851739579592

12254 BlackCrag the Thaumaturge (level 11, -4/56 HPs)
             Began as a Deep Elf Earth Elementalist on Mar 27, 2023.
             Was a Priest of Vehumet.
             Slain by a black mamba (12 damage)
             ... summoned by a worldbinder
             ... on level 2 of the Abyss.
             The game lasted 01:05:12 (12429 turns).

BlackCrag the Thaumaturge (DEEE)                   Turns: 12429, Time: 01:05:12

Health: -4/56      AC:  7    Str:  5    XL:     11   Next: 60%
Magic:  12/31      EV: 13    Int: 25    God:    Vehumet [***...]
Gold:   648        SH:  0    Dex: 15    Spells: 19/39 levels left

rFire   + + .      SeeInvis .   k - staff of fire
rCold   . . .      Faith    .   (no shield)
rNeg    . . .      Spirit   .   a - +0 robe
rPois   .          Reflect  .   K - +1 helmet
rElec   .          Harm     .   (no cloak)
rCorr   .          Rampage  .   (no gloves)
Will    +....                   i - +2 pair of boots
Stlth   +++.......              (no amulet)
HPRegen 0.18/turn               y - ring of protection from fire
MPRegen 0.22/turn               J - ring of flight

@: flying, hasted, very quick
A: no striking features
a: Renounce Religion


You were on level 2 of the Abyss.
You worshipped Vehumet.
Vehumet was most pleased with you.
You visited 2 branches of the dungeon, and saw 11 of its levels.
You visited the Abyss 1 time.
You also visited: Bailey.

You collected 648 gold pieces.

Inventory:

Hand Weapons
 h - a +0 sling
 l - the +3 war axe of Nightmares {vorpal, rN+ Str+4}
   (You found it on level 5 of the Dungeon)

   It inflicts extra damage upon your enemies.
   Str:       It affects your strength (+4).
   rN:        It protects you from negative energy.
Armour
 a - a +0 robe (worn)
 i - a +2 pair of boots (worn)
 K - a +1 helmet (worn)
Magical Staves
 k - a staff of fire (weapon)
 r - a staff of air
 u - a staff of cold
Jewellery
 y - a ring of protection from fire (left hand)
 E - a ring of protection from fire
 J - a ring of flight (right hand)
Wands
 b - a wand of light (1)
 c - a wand of flame (5)
 F - a wand of polymorph (20)
 I - a wand of iceblast (10)
Scrolls
 f - 2 scrolls of vulnerability {unknown}
 g - 2 scrolls of silence {unknown}
 j - a scroll of blinking {unknown}
 m - 4 scrolls of fear {unknown}
 o - 3 scrolls of immolation
 q - 2 scrolls of enchant weapon {unknown}
 v - a scroll of brand weapon {unknown}
 x - 2 scrolls of noise {unknown}
 C - 5 scrolls of teleportation {unknown}
 D - 2 scrolls of amnesia
 G - 2 scrolls of summoning {unknown}
 H - a scroll of fog
Potions
 d - 5 potions of curing
 e - 5 potions of brilliance
 n - 2 potions of heal wounds
 p - a potion of haste
 s - a potion of cancellation {unknown}
 t - 3 potions of might
 w - 2 potions of invisibility
 z - 4 potions of attraction {unknown}
 A - a potion of ambrosia {unknown}
 B - 2 potions of mutation {unknown}


   Skills:
 - Level 1.3 Fighting
 + Level 0.5 Axes
 + Level 4.1 Ranged Weapons
 + Level 2.9 Dodging
 + Level 3.9 Stealth
 + Level 14.8 Spellcasting
 * Level 7.1 Conjurations
 + Level 6.1 Hexes
 + Level 1.1 Transmutations
 * Level 7.3 Fire Magic
 * Level 10.4 Earth Magic
 + Level 1.3 Evocations


You had 19 spell levels left.
You knew the following spells:

 Your Spells              Type           Power      Damage    Failure   Level
a - Sandblast             Erth           100%       2d20      1%          1
b - Passwall              Tmut/Erth      39%        N/A       1%          2
c - Stone Arrow           Conj/Erth      100%       3d13      1%          3
d - Slow                  Hex            100%       N/A       1%          1
e - Petrify               Tmut/Erth      47%        N/A       2%          4
f - Scorch                Fire           100%       2d10      1%          2
g - Flame Wave            Conj/Fire      70%        2d16      1%          4
h - Conjure Flame         Conj/Fire      70%        6-21      1%          3

Your spell library contained the following spells:

 Spells                   Type           Power      Damage    Failure   Level
 Static Discharge         Conj/Air       36%        3-8/arc   1%          2
 Foxfire                  Conj/Fire      100%       2x1d9     1%          1
 Confusing Touch          Hex            49%        N/A       1%          3
 Inner Flame              Hex/Fire       68%        N/A       1%          3
 Cause Fear               Hex            24%        N/A       2%          4
 Vampiric Draining        Necr           18%        2d7       9%          3
 Summon Cactus Giant      Summ           9%         N/A       99%         6
 Discord                  Hex            24%        N/A       100%        8


Dungeon Overview and Level Annotations

Branches:
Dungeon (10/15)            Temple (1/1) D:7             Orc (0/2) D:9
 Bailey (visited)
   Lair: D:8-11

Altars:
Ashenzari
Cheibriados
Dithmenos
Elyvilon
Fedhas
Gozag
Hepliaklqana
Kikubaaqudgha
Makhleb
Nemelex Xobeh
Okawaru
Ru
Sif Muna
Trog
Vehumet
Wu Jian
Xom
Yredelemnul
Zin
The Shining One

Shops:
D:6 [


Message History

Confirm with . or Enter, or press ? or * to list all spells.
Aiming: Stone Arrow (safe; 1% risk of failure)
Press: ? - help, Shift-Dir - straight line, f/p - red very ugly thing
Aim: a red very ugly thing (almost dead, 78% to hit)
The stone arrow misses the red very ugly thing.
The red very ugly thing engulfs you!
A worldbinder comes into view.
Casting: Stone Arrow (safe; 1% risk of failure)
Confirm with . or Enter, or press ? or * to list all spells.
Aiming: Stone Arrow (safe; 1% risk of failure)
Press: ? - help, Shift-Dir - straight line, f/p - red very ugly thing
Aim: a red very ugly thing (almost dead, 78% to hit)
The stone arrow hits the red very ugly thing!!
You kill the red very ugly thing!
Vehumet accepts your kill.
Your Conjurations skill increases to level 7!
The worldbinder calls forth creatures from the Snake Pit!
The worldbinder calls forth creatures from the Snake Pit!
The naga warrior roars a battlecry!
The naga warrior goes into a battle-frenzy!
The naga warrior disappears in a puff of smoke!
A red ugly thing comes into view. x2
The red ugly thing gurgles horribly! x2; You hear a screech!
The red ugly thing trunk-slaps you.
You are engulfed in flames!
You resist.
A starcursed mass comes into view.
The worldbinder calls forth creatures from the Snake Pit!
The black mamba attacks as you move away!
The black mamba closely misses you.
You feel yourself speed up.
The black mamba bites you but does no damage.
The red ugly thing barely misses you. The black mamba completely misses you.
A red very ugly thing comes into view.
The black mamba attacks as you move away!
The black mamba bites you!
* * * LOW HITPOINT WARNING * * *
The black mamba bites you but does no damage.
The worldbinder calls forth creatures from the Snake Pit!
The black mamba attacks as you move away!
The black mamba bites you!
You die...

#.# #### ..# ...
x#.###
...###.##..##
.#.#.# #..... .##.#
#. ## .
#.#.........#. #†.
#. #.#.##..##...
#.†.
.####u....#...#.#.
##NS
##.#....u#........#
.
..#.#.#.S..SS##...#
##.
.S.##.#.#S@....#
###.##.#..#xN##.#.#
# # ##..#.## .. .#.
..###.# .# #. ....
### .. #. .#.. ..
.. .#.# . ## ## . .


You could see a red very ugly thing (wandering), a naga warrior (summoned), a
red ugly thing, a worldbinder and 4 black mambas.

Vanquished Creatures
  A very ugly thing (Abyss:2)
  A two-headed ogre (D:10)
  The ghost of Achh the Trooper, a novice MiFi (D:6)
  A wizard (D:10)
  A gargoyle (D:8)
  The ghost of duchin the Slasher, a novice MfGl (D:4)
  3 unseen horror zombies (D:8)
  A kobold demonologist (D:10)
  A yaktaur (shapeshifter) (Abyss:2)
  A troll (D:9)
  Sigmund (D:4)
  3 wyverns
  A wraith (Abyss:2)
  A vampire (D:10)
  12 yaks
  4 steam dragons
  Edmund (D:6)
  2 water moccasins
  3 ice beasts
  A sky beast (D:7)
  A black bear (D:5)
  An ogre (D:4)
  9 orc warriors
  2 centaurs
  A phantom (D:4)
  2 bullfrogs
  4 necrophages
  A wyvern zombie (D:8)
  A gnoll sergeant (D:6)
  A scorpion (D:7)
  19 wights
  9 killer bees (D:9)
  A centaur zombie (D:8)
  6 orc priests
  6 hounds
  Ijyb (D:4)
  4 iguanas
  6 orc wizards
  A killer bee zombie (D:8)
  2 howler monkey zombies (D:8)
  5 adders
  7 gnolls
  3 white imps
  An ufetubus (D:5)
  A worm (D:2)
  5 dart slugs
  44 orcs
  4 ball pythons
  8 bats
  6 endoplasms
  2 giant cockroaches
  13 goblins
  9 hobgoblins
  12 kobolds
  3 quokkas
  A frilled lizard (D:1)
  2 rats (D:3)
245 creatures vanquished.

Vanquished Creatures (others)
  4 withered plants (D:8)
4 creatures vanquished.

Grand Total: 249 creatures vanquished

Notes
Turn   | Place    | Note
-------+----------+-------------------------------------------
     0 | D:1      | BlackCrag the Deep Elf Earth Elementalist began the quest
                  | for the Orb.
     0 | D:1      | Reached XP level 1. HP: 10/10 MP: 6/6
   172 | D:1      | Reached XP level 2. HP: 15/15 MP: 6/8
   175 | D:1      | Learned a level 2 spell: Passwall
   428 | D:1      | Found a faded altar of an unknown god.
   728 | D:1      | Reached XP level 3. HP: 19/19 MP: 6/10
   732 | D:1      | Learned a level 3 spell: Stone Arrow
  1171 | D:2      | Reached skill level 4 in Spellcasting
  1331 | D:2      | Reached skill level 1 in Ranged Weapons
  1854 | D:3      | Reached XP level 4. HP: 24/24 MP: 9/12
  1883 | D:3      | Learned a level 1 spell: Slow
  1915 | D:3      | Learned a level 4 spell: Petrify
  2269 | D:3      | Found a blossoming altar of Fedhas.
  2713 | D:4      | Noticed an ogre
  2716 | D:4      | Noticed Ijyb
  2718 | D:4      | Killed an ogre
  2719 | D:4      | Reached skill level 5 in Spellcasting
  2719 | D:4      | Reached skill level 1 in Fire Magic
  2719 | D:4      | Reached XP level 5. HP: 28/28 MP: 7/14
  2722 | D:4      | HP: 1/28 [Ijyb/bolt of light (17)]
  2727 | D:4      | Killed Ijyb
  3039 | D:3      | Learned a level 2 spell: Scorch
  3266 | D:4      | Noticed Sigmund
  3271 | D:4      | Killed Sigmund
  3272 | D:4      | Reached skill level 1 in Fighting
  3272 | D:4      | Reached XP level 6. HP: 34/34 MP: 9/16
  3285 | D:4      | Reached skill level 6 in Spellcasting
  3402 | D:4      | Found a runed translucent door.
  3746 | D:4      | Reached skill level 5 in Earth Magic
  3804 | D:4      | Found a glowing silver altar of Zin.
  4146 | D:4      | Noticed duchin's ghost (novice MfGl)
  4157 | D:4      | Learned a level 4 spell: Flame Wave
  4190 | D:5      | Entered Level 5 of the Dungeon
  4192 | D:5      | Noticed an ice beast
  4200 | D:5      | Killed an ice beast
  4201 | D:5      | Reached skill level 1 in Hexes
  4201 | D:5      | Reached XP level 7. HP: 38/38 MP: 0/18
  4432 | D:5      | Reached skill level 1 in Conjurations
  4455 | D:5      | Reached skill level 7 in Spellcasting
  5005 | D:5      | Identified the +3 war axe of Nightmares {vorpal, rN+ Str+4}
  5224 | D:5      | Reached XP level 8. HP: 43/43 MP: 14/21
  5289 | D:5      | Found a shimmering altar of Xom.
  5717 | D:6      | Reached skill level 8 in Spellcasting
  5969 | D:6      | Found Farhat's Armour Boutique.
  5995 | D:6      | Found a large runed translucent door.
  5997 | D:6      | Found a large runed translucent door.
  5999 | D:6      | Noticed Achh's ghost (novice MiFi)
  6097 | D:6      | Noticed Edmund
  6299 | D:6      | Killed Edmund
  6300 | D:6      | Reached skill level 9 in Spellcasting
  6929 | D:7      | Reached skill level 10 in Spellcasting
  6929 | D:7      | Reached XP level 9. HP: 47/47 MP: 20/25
  7423 | D:7      | Found a staircase to the Ecumenical Temple.
  7434 | Temple   | Entered the Ecumenical Temple
  7440 | Temple   | Became a worshipper of Vehumet
  7881 | D:7      | Reached skill level 11 in Spellcasting
  8219 | D:4      | Killed duchin's ghost
  8220 | D:4      | Reached skill level 5 in Fire Magic
  8237 | D:4      | Learned a level 3 spell: Conjure Flame
  8431 | D:6      | Killed Achh's ghost
  8624 | D:8      | Reached skill level 12 in Spellcasting
  8629 | D:7      | HP: 2/43 [wight/+0 scimitar (3)]
  8984 | D:8      | Found a flagged portal.
  9041 | D:8      | Reached XP level 10. HP: 9/52 MP: 2/28
  9049 | Bailey   | Entered a bailey
  9131 | Bailey   | Reached * piety under Vehumet
  9131 | Bailey   | Offered knowledge of Freeze by Vehumet.
  9270 | Bailey   | Noticed an orc warlord
  9457 | Bailey   | Found a runed translucent gate.
  9459 | Bailey   | Found a runed translucent gate.
  9461 | Bailey   | Found a runed translucent gate.
  9769 | D:8      | Noticed a gargoyle
  9777 | D:8      | Killed a gargoyle
  9778 | D:8      | Reached skill level 13 in Spellcasting
  9778 | D:8      | Reached skill level 5 in Hexes
  9936 | D:8      | Reached ** piety under Vehumet
  9936 | D:8      | Offered knowledge of Searing Ray by Vehumet.
 10075 | D:8      | Reached skill level 5 in Conjurations
 10709 | D:9      | Found a staircase to the Orcish Mines.
 11025 | D:9      | Offered knowledge of Static Discharge by Vehumet.
 11132 | D:9      | Reached skill level 14 in Spellcasting
 11137 | D:9      | Reached XP level 11. HP: 51/56 MP: 16/31
 11495 | D:10     | Entered Level 10 of the Dungeon
 11524 | D:10     | Noticed a two-headed ogre
 11536 | D:10     | Killed a two-headed ogre
 11536 | D:10     | Reached *** piety under Vehumet
 11851 | D:10     | Found a shimmering blue altar of Sif Muna.
 11895 | D:10     | Noticed a death yak
 11895 | D:10     | Noticed a death yak
 11914 | D:10     | Found a hazy altar of Hepliaklqana.
 11922 | D:10     | Reached skill level 1 in Evocations
 12040 | D:10     | Reached skill level 10 in Earth Magic
 12230 | D:10     | Noticed a wizard
 12233 | D:10     | Killed a wizard
 12233 | D:10     | Noticed a wizard
 12238 | Abyss:2  | Cast into level 2 of the Abyss (a wizard)
 12397 | Abyss:2  | Noticed a red very ugly thing
 12410 | Abyss:2  | Killed a red very ugly thing
 12413 | Abyss:2  | Noticed a naga warrior
 12414 | Abyss:2  | Noticed a naga warrior
 12415 | Abyss:2  | Noticed a red ugly thing
 12415 | Abyss:2  | Noticed a red ugly thing
 12421 | Abyss:2  | Noticed a starcursed mass
 12427 | Abyss:2  | Noticed a red very ugly thing
 12429 | Abyss:2  | Noticed a naga warrior
 12429 | Abyss:2  | Slain by a black mamba

Illustrated notes

Levels and vault maps discovered:
D:1:      nicolae_arrival_somewhat_less_tricky_arrival, layout_basic,
          shapermc_ecumenical_altar_mp_vishouse
D:2:      layout_rooms, serial_glass, glass_columns_c, glass_columns_b,
          minmay_heptomino_h4
D:3:      layout_loops_ring, fedhas_altar_fruit_tree, st_stairs_8
D:4:      layout_layer_cave, old_standard_altar, ebering_ghost_reflecting_pool,
          uniq_ijyb, uniq_sigmund
D:5:      nicolae_cairo_tiling_large, layout_basic, lemuel_round_altar,
          grunt_ministairs_5, chequers_avenue, moated_statue
D:6:      layout_rooms, serial_shops, shop, ebering_ghost_disaster_area,
          uniq_edmund
D:7:      layout_rooms, temple_hall
D:8:      layout_rooms, serial_undead, serial_undead_a, serial_undead_a,
          serial_undead_a, serial_undead_f, serial_undead_e, serial_undead_b,
          serial_undead_a, enter_bailey_5
D:9:      layout_basic, david_orc_2
D:10:     minmay_smoke_and_mirrors, layout_basic,
          nicolae_overflow_hidden_temple, dpeg_lair_monsters, uniq_joseph
Temple:   nicolae_temple_bog_church
Abyss:2:  base: D:7, minivault_13, minivault_22

Skill      XL: |  1  2  3  4  5  6  7  8  9 10 11 |
---------------+----------------------------------+-----
Spellcasting   | 4 5 6 7 10 12 14 | 14.8
Earth Magic    | 4 5 6 8 9 10 | 10.4
Ranged Weapons | 1 2 3 4 |  4.1
Stealth        | 3 |  3.9
Fire Magic     | 1 2 4 5 6 7 |  7.3
Fighting       | 1 |  1.3
Hexes          | 1 3 4 6 |  6.1
Conjurations   | 2 3 4 5 7 |  7.1
Evocations     | 1 |  1.3
Axes           | |  0.5
Dodging        | |  2.9
Transmutations | |  1.1

Action                   |  1- 3 |  4- 6 |  7- 9 | 10-12 || total
-------------------------+-------+-------+-------+-------++-------
Melee: Staff             |       |     1 |       |       ||     1
       War axe           |       |       |    14 |       ||    14
 Fire: Sling             |     9 |    17 |     1 |     7 ||    34
 Cast: Sandblast         |    43 |    29 |    42 |    34 ||   148
       Passwall          |     4 |       |       |     1 ||     5
       Stone Arrow       |     1 |    19 |    93 |    98 ||   211
       Slow              |       |     4 |    22 |     5 ||    31
       Scorch            |       |     8 |     9 |    13 ||    30
       Flame Wave        |       |       |     4 |    16 ||    20
       Conjure Flame     |       |       |       |     5 ||     5
Evoke: Wand              |       |       |     2 |     4 ||     6
  Use: Scroll            |     3 |     5 |     6 |     3 ||    17
       Potion            |       |     2 |       |     2 ||     4
Armor: Robe              |     3 |     1 |    11 |    12 ||    27
Dodge: Dodged            |     1 |     8 |    47 |    29 ||    85
